Map: World of Sleepers LE

Players

NoStormPls - Winner!

  • Race: Terran Terran
  • League: Silver
  • Spawn Location: 1:00

Worg

  • Race: Zerg Zerg
  • League: Platinum
  • Spawn Location: 7:00

VOD

Have the link to the VOD?

Description

Time

  • Played on: Aug. 30, 2019, 4:56 p.m.
  • Length: 8:01
Show
View Real Time Build Order
Export as new Build Order

NoStormPls Terran - Winner!

Build Orders: Gas First Reaper Expand, Hellion Opening 

Get SALT Encoding   

  12  0:01  SCV  
  13  0:13  SCV  
  14  0:17  Supply Depot  
  14  0:25  SCV  
  14  0:27  Refinery  
  15  0:38  SCV  
  16  0:44  Barracks  
  16  0:50  SCV  
  17  1:02  SCV  
  18  1:14  SCV  
  19  1:31  Orbital Command  
  19  1:32  Reaper  
  20  1:39  Supply Depot  
  20  1:51  Command Center  
  20  1:58  SCV  
  21  2:07  Factory  
  21  2:12  SCV, Barracks Reactor  
  22  2:20  Refinery  
  22  2:24  SCV  
  23  2:36  SCV  
  24  2:48  SCV  
  27  2:58  Hellion  
  27  2:59  Hellion  
  27  3:00  SCV  
  27  3:01  Starport  
  27  3:05  Orbital Command  
  30  3:08  Supply Depot  
  30  3:09  Barracks Tech Lab  
  30  3:12  SCV  
  33  3:20  Hellion x2  
  35  3:31  SCV  
  35  3:32  SCV  
  41  3:41  Hellion x2  
  41  3:44  Supply Depot  
  41  3:56  Medivac  
  41  4:00  Marauder  
  41  4:02  Hellion, Concussive Shells  
  49  4:03  Hellion  
  38  4:46  Hellion x2  
  40  4:53  Ghost Academy  
  40  4:55  Medivac  
  40  4:59  Supply Depot  
  42  5:00  Armory  
  42  5:04  Marauder  
  42  5:06  Refinery  
  46  5:07  Hellion  
  46  5:08  Hellion  
  46  5:09  Refinery  
  48  5:22  Supply Depot  
  48  5:25  Ghost  
  52  5:28  Liberator, Hellion  
  52  5:29  Hellion  
  52  5:33  SCV  
  52  5:34  SCV  
  56  5:45  SCV  
  56  5:46  SCV  
  56  5:48  Supply Depot  
  63  5:50  Hellion x2  
  63  5:54  Ghost  
  67  5:58  SCV x2  
  69  6:07  Personal Cloaking  
  69  6:10  SCV x2  
  73  6:11  Hellion  
  73  6:12  Hellion  
  73  6:14  Engineering Bay  
  75  6:22  Ghost, SCV x2  
  79  6:28  Medivac  
  83  6:33  Hellion x2  
  83  6:34  SCV  
  86  7:27  Ghost  
  86  7:35  Bunker  
  86  7:37  Bunker  
  86  7:41  Supply Depot  
  86  7:42  SCV  
Show
View Real Time Build Order
Export as new Build Order

Worg Zerg 

Build Orders: Hatch First 

Get SALT Encoding   

  12  0:01  Drone  
  13  0:12  Overlord  
  13  0:17  Drone  
  14  0:24  Drone, Extractor  
  15  0:31  Drone  
  16  0:52  Drone  
  16  0:56  Hatchery  
  16  1:00  Drone  
  16  1:02  Drone  
  18  1:14  Extractor  
  17  1:18  Spawning Pool  
  17  1:19  Drone  
  17  1:22  Drone  
  18  1:28  Drone  
  19  1:41  Drone  
  20  1:49  Overlord  
  21  2:01  Drone  
  21  2:07  Queen  
  23  2:09  Queen  
  23  2:10  Zergling x2  
  23  2:11  Zergling x2  
  27  2:19  Drone  
  27  2:45  Drone x5  
  32  2:58  Drone x2  
  34  3:11  Drone  
  34  3:12  Overlord  
  35  3:14  Hatchery  
  34  3:23  Drone  
  34  3:25  Overlord  
  35  3:29  Queen  
  35  3:30  Metabolic Boost  
  39  3:38  Drone x4  
  39  3:39  Overlord  
  43  3:51  Lair  
  43  3:52  Drone x2  
  43  3:53  Overlord x2, Drone  
  44  3:59  Zergling x8  
  47  4:12  Zergling x2  
  47  4:13  Zergling x6  
  36  4:25  Drone x3  
  36  4:26  Drone x2  
  36  4:28  Drone  
  36  4:29  Drone x2  
  28  4:46  Drone x2  
  28  4:49  Drone  
  31  4:53  Drone  
  32  5:04  Queen  
  34  5:07  Drone  
  32  5:24  Drone x5  
  32  5:27  Drone  
  39  5:35  Drone x2  
  39  5:36  Drone  
  41  5:48  Drone x3  
  44  5:51  Extractor  
  44  5:52  Drone  
  44  5:53  Drone x4  
  44  5:56  Extractor  
  47  6:04  Roach Warren  
  46  6:09  Drone x3  
  49  6:11  Drone  
  49  6:12  Drone  
  51  6:29  Drone x7  
  51  6:30  Drone  
  51  6:31  Extractor  
  51  6:32  Drone x3  
  61  6:34  Extractor  
  60  6:48  Spine Crawler  
  60  6:49  Spine Crawler  
  60  6:50  Spine Crawler  
  57  7:02  Roach x3  
  57  7:03  Roach x6  
  53  7:32  Roach  
  53  7:33  Roach x5  
Tags
 
Add a new tag
Caveats
  • Supply blocks, unpowered buildings, or Contaminate may cause inaccurate times.
  • Supply counts are checked every 10 seconds.